 Dungeon Crawl Stone Soup version 0.31.0-12-g77e489cdc1 (webtiles) character file.

Game seed: 11927959750762819567

9264 lordive the Skirmisher (level 11, -1/97 HPs)
             Began as a Minotaur Hunter on Feb 28, 2024.
             Was a High Priest of Okawaru.
             Slain by a cane toad (12 damage)
             ... on level 1 of the Lair of Beasts.
             The game lasted 00:18:54 (8262 turns).

lordive the Skirmisher (Minotaur Hunter)            Turns: 8262, Time: 00:18:55

Health: -1/97      AC: 11    Str: 17    XL:     11   Next: 20%
Magic:  4/4        EV: 14    Int:  6    God:    Okawaru [*****.]
Gold:   536        SH:  0    Dex: 17    Spells: 10/10 levels left

rFire   . . .        x - +0 orcbow (antimagic)
rCold   + . .        (shield currently unavailable)
rNeg    . . .        j - +0 scale mail
rPois   .            (helmet restricted)
rElec   .            C - +0 cloak {Will+}
rCorr   .            e - +0 pair of gloves
SInv    .            (no boots)
Will    +....        p - amulet of regeneration Stlth
                     o - ring of protection from cold
HPRegen 1.16/turn    (no ring)
MPRegen 0.09/turn

%: no passive effects
@: lethally poisoned (-1 -> -22)
A: horns 2, retaliatory headbutt
a: Renounce Religion, Heroism, Finesse, Duel


You were on level 1 of the Lair of Beasts.
You worshipped Okawaru.
Okawaru was extremely pleased with you.
You visited 3 branches of the dungeon, and saw 11 of its levels.
You also visited: Ossuary.

You collected 536 gold pieces.

Inventory:

Hand Weapons
 c - a +0 long sword
 s - a +0 orcbow
 x - a +0 antimagic orcbow (weapon)
 F - a +0 arbalest
 J - a +2 heavy spear
Missiles
 y - a throwing net
 K - a datura-tipped dart
Armour
 e - a +0 pair of gloves (worn)
 j - a +0 scale mail (worn)
 C - a +0 cloak of willpower (worn)
 L - a +0 plate armour
Jewellery
 l - an amulet of the acrobat
 o - a ring of protection from cold (left hand)
 p - an amulet of regeneration (around neck)
 z - the ring of Contentment {Str+6 Dex+2}
   (You found it on level 7 of the Dungeon)

   [ring of strength]

   Str+6:     It affects your strength (+6).
   Dex+2:     It affects your dexterity (+2).
 B - an amulet of reflection
 D - a +6 ring of strength
Wands
 g - a wand of flame (57)
 k - a wand of iceblast (5)
 G - a wand of digging (3)
 I - a wand of quicksilver (5)
Scrolls
 b - 5 scrolls of butterflies
 d - a scroll of amnesia {unknown}
 f - 3 scrolls of fog {unknown}
 h - 6 scrolls of vulnerability {unknown}
 m - 4 scrolls of revelation {unknown}
 n - 6 scrolls of identify {unknown}
 r - 4 scrolls of enchant armour {unknown}
 t - 4 scrolls of poison
 v - 2 scrolls of teleportation {unknown}
 E - a scroll of brand weapon {unknown}
 H - 3 scrolls of blinking {unknown}
 M - a scroll of enchant weapon {unknown}
Potions
 a - 2 potions of mutation
 i - 9 potions of curing
 q - a potion of heal wounds {unknown}
 u - 3 potions of brilliance {unknown}
 w - a potion of magic {unknown}
 A - 2 potions of attraction {unknown}
 N - a potion of lignification {unknown}


   Skills:
 + Level 9.5 Fighting
 + Level 13.9 Ranged Weapons
 * Level 9.1 Armour
 * Level 8.5 Dodging
 - Level 0.7 Stealth
 * Level 4.5 Invocations


You had 10 spell levels left.
You didn't know any spells.
Your spell library contained the following spells:

 Spells                   Type           Power      Damage    Failure   Level
 Cigotuvi's Dreadful Rot  Necr/Alch/Air  0%         N/A       91%         2
 Ignite Poison            Fire/Alch      0%         N/A       100%        4
 Alistair's Intoxication  Alch           0%         N/A       100%        5
 Borgnjor's Vile Clutch   Necr/Erth      0%         N/A       100%        5
 Freezing Cloud           Conj/Ice/Air   0%         6-21      100%        5
 Eringya's Noxious Bog    Alch           0%         4d6       100%        6
 Animate Dead             Necr           Unusable   N/A       N/A         4
 Death Channel            Necr           Unusable   N/A       N/A         6

Dungeon Overview and Level Annotations

Branches:
Dungeon (9/15)             Temple (1/1) D:5            Lair (1/5) D:9
    Orc (0/2) D:9         Ossuary (visited)

Altars:
Ashenzari
Cheibriados
Elyvilon
Fedhas
Gozag
Hepliaklqana
Kikubaaqudgha
Makhleb
Nemelex Xobeh
Okawaru
Qazlal
Ru
Sif Muna
Trog
Uskayaw
Vehumet
Wu Jian
Xom
Yredelemnul
Zin
The Shining One


Innate Abilities, Weirdness & Mutations

You have a pair of horns on your head.
You reflexively headbutt those who attack you in melee.


Message History

Fire: x) +0 orcbow (antimagic)
Press: ? - help, Q - select action, (/) - cycle Shift-Dir - straight line, f/p - cane toad
Aim: a cane toad (moderately wounded, 69% to hit)
You shoot an arrow.
The arrow hits the cane toad but does no damage.
The cane toad is moderately wounded.
You feel extremely sick. The cane toad stings you!
Okay, then.
Fire: x) +0 orcbow (antimagic)
Press: ? - help, Q - select action, (/) - cycle Shift-Dir - straight line, f/p - cane toad
Aim: a cane toad (moderately wounded, 69% to hit)
You shoot an arrow. The arrow hits the cane toad!
The cane toad is severely wounded.
You feel very sick.
A nearby plant withers and dies.
The cane toad stings you.
* * * LOW HITPOINT WARNING * * *
You are lethally poisoned!
The cane toad poisons you!
Unknown command.
Fire: x) +0 orcbow (antimagic)
Press: ? - help, Q - select action, (/) - cycle Shift-Dir - straight line, f/p - cane toad
Aim: a cane toad (severely wounded, 69% to hit)
You shoot an arrow.
The arrow hits the cane toad but does no damage.
The cane toad is severely wounded.
* * * LOW HITPOINT WARNING * * *
You feel extremely sick. The cane toad barely misses you.
You furiously retaliate!
You headbutt the cane toad! The cane toad misses you.
Unknown command.
Fire: x) +0 orcbow (antimagic)
Press: ? - help, Q - select action, (/) - cycle Shift-Dir - straight line, f/p - cane toad
Aim: a cane toad (almost dead, 69% to hit)
You shoot an arrow.
The arrow completely misses the cane toad.
* * * LOW HITPOINT WARNING * * *
You feel extremely sick. The cane toad stings you!
You die...

## ##.# .###... ...
......# ..# #.##..#
#### .. ..##..#
##..# .##
......###.#.##
##.P#
P.##.###.###.###..#
........#####.##F.#
#....#.###......@.#
.....##.##.##.##.##
.....###.#.#.#####
.....####...##
............#
<.########### รท.#
..# .##


You could see a cane toad.

Vanquished Creatures
  Pikel (D:5)
  Maurice (D:7)
  A black mamba (Lair:1)
  The ghost of spaghetti the Insei, a novice HuFi of Gozag (D:7)
  2 trolls (D:9)
  Prince Ribbit (D:7)
  8 yaks (D:9)
  Eustachio (D:6)
  2 wyverns
  Menkaure (D:6)
  5 water moccasins
  Duvessa (D:7)
  4 orc warriors
  4 ice beasts
  2 sky beasts
  A black bear (D:6)
  An ogre (D:4)
  6 centaurs
  4 wolves (D:9)
  2 lemures (D:5)
  A phantom (D:6)
  4 kobold brigands
  8 bullfrogs
  A weeping skull (Ossuary)
  Blork the orc (D:6)
  4 scorpions
  A gnoll sergeant (D:9)
  Dowan (D:7)
  A burial acolyte (Ossuary)
  7 killer bees
  4 electric eels (D:9)
  A bombardier beetle (D:7)
  2 gnoll boudas
  4 hounds
  3 orc priests
  A sleepcap (D:4)
  Jessica (D:3)
  5 iguanas
  7 orc wizards
  2 mummies (Ossuary)
  12 gnolls
  4 adders
  A shadow imp (D:7)
  A white imp (D:5)
  4 dart slugs
  A ribbon worm (D:3)
  23 orcs
  9 ball pythons
  11 endoplasms
  3 giant cockroaches
  2 gnoll zombies (Ossuary)
  16 goblins
  7 hobgoblins
  3 jackals (D:5)
  5 quokkas
  8 bats
  5 frilled lizards
  27 kobolds
  4 kobold zombies (Ossuary)
  2 orc zombies (Ossuary)
  8 rats
264 creatures vanquished.

Notes
Turn   | Place    | Note
-------+----------+-------------------------------------------
     0 | D:1      | lordive the Minotaur Hunter began the quest for the Orb.
     0 | D:1      | Reached XP level 1. HP: 18/18 MP: 0/0
   185 | D:1      | Reached XP level 2. HP: 23/25 MP: 1/1
   263 | D:1      | Reached skill level 5 in Ranged Weapons
   382 | D:1      | Reached XP level 3. HP: 30/30 MP: 2/2
  1358 | D:2      | Reached XP level 4. HP: 28/37 MP: 3/3
  1731 | D:3      | Noticed Jessica
  1736 | D:3      | Killed Jessica
  1737 | D:3      | Reached skill level 6 in Ranged Weapons
  2079 | D:3      | Found a burning altar of Makhleb.
  2089 | D:3      | Found a hazy altar of Hepliaklqana.
  2105 | D:3      | You fall into a shaft and drop 2 floors!
  2105 | D:5      | Entered Level 5 of the Dungeon
  2149 | D:5      | Noticed a lemure
  2149 | D:5      | Noticed a lemure
  2166 | D:5      | Killed a lemure
  2180 | D:5      | Noticed a lemure
  2206 | D:5      | Killed a lemure
  2250 | D:5      | Reached skill level 1 in Armour
  2250 | D:5      | Reached XP level 5. HP: 37/45 MP: 4/4
  2287 | D:5      | Noticed Pikel
  2300 | D:5      | Noticed a lemure
  2311 | D:5      | Reached skill level 10 in Ranged Weapons
  2311 | D:5      | Reached XP level 6. HP: 39/60 MP: 5/5
  2324 | D:5      | Killed Pikel
  2325 | D:5      | Reached skill level 11 in Ranged Weapons
  2325 | D:5      | Reached XP level 7. HP: 44/66 MP: 6/6
  2427 | D:5      | Found a staircase to the Ecumenical Temple.
  2446 | Temple   | Entered the Ecumenical Temple
  2466 | Temple   | Became a worshipper of Warmaster Okawaru
  2717 | D:4      | Reached XP level 8. HP: 74/74 MP: 7/7
  3923 | D:5      | Reached * piety under Okawaru
  4294 | D:6      | Noticed Eustachio
  4301 | D:6      | Killed Eustachio
  4388 | D:6      | Found a sand-covered staircase.
  4389 | D:6      | Noticed Menkaure
  4395 | D:6      | Killed Menkaure
  4396 | D:6      | Reached skill level 1 in Invocations
  4400 | Ossuary  | Entered an ossuary
  4485 | Ossuary  | Reached XP level 9. HP: 70/81 MP: 8/8
  4649 | D:6      | Reached ** piety under Okawaru
  4657 | D:6      | Noticed Blork the orc
  4666 | D:6      | Killed Blork the orc
  4721 | D:6      | Reached skill level 12 in Ranged Weapons
  4726 | D:6      | Found a white marble altar of Elyvilon.
  5319 | D:7      | Found a runed translucent door.
  5319 | D:7      | Noticed spaghetti's ghost (novice HuFi)
  5469 | D:7      | Identified the ring of Contentment {Str+6 Dex+2}
  5569 | D:7      | Noticed Maurice
  5581 | D:7      | Maurice stole an amulet of reflection
  5582 | D:7      | Maurice stole a throwing net
  5586 | D:7      | Maurice stole a +0 orcbow
  5587 | D:7      | Maurice stole 386 gold
  5588 | D:7      | Killed Maurice
  5640 | D:7      | Reached *** piety under Okawaru
  5871 | D:7      | Noticed Prince Ribbit
  5888 | D:7      | Killed Prince Ribbit
  5996 | D:7      | Noticed Dowan
  5996 | D:7      | Noticed Duvessa
  6007 | D:7      | Reached XP level 10. HP: 67/90 MP: 3/11
  6014 | D:7      | Killed Duvessa
  6015 | D:7      | Killed Dowan
  6059 | D:7      | Found a glowing golden altar of the Shining One.
  6180 | D:7      | Killed spaghetti's ghost
  6293 | D:8      | Reached skill level 13 in Ranged Weapons
  6358 | D:8      | Reached **** piety under Okawaru
  7041 | D:9      | Found a staircase to the Lair.
  7133 | D:9      | Reached ***** piety under Okawaru
  7397 | D:9      | Found a broken altar of Ashenzari.
  7446 | D:9      | Received a gift from Okawaru
  7498 | D:9      | Found a staircase to the Orcish Mines.
  7660 | D:9      | Reached XP level 11. HP: 50/97 MP: 4/13
  8000 | Lair:1   | Entered Level 1 of the Lair of Beasts
  8262 | Lair:1   | Slain by a cane toad

Illustrated notes

Levels and vault maps discovered:
D:1:      mrwooster_arrival_arrow, layout_loops_ring, minmay_pentomino_t4
D:2:      layout_basic, st_stairs_13
D:3:      layout_basic, nicolae_overflow_squiral, uniq_jessica
D:4:      layout_loops_ring, minmay_misc_feat_enclosed, serial_bayou_pond_b
D:5:      layout_loops_ring, minmay_temple_entry_purple_smoke,
          kennysheep_cluttered_room, moated_statue, uniq_pikel
D:6:      minmay_evil_eye, layout_basic, nicolae_elyvilon_peaceful_grove,
          nicolae_ossuary_entry_monument, kennysheep_generic_room_2,
          uniq_blork_the_orc, uniq_eustachio, uniq_menkaure
D:7:      layout_basic, tso_oasis_becter, hellmonk_ghost_happy_afterlife,
          uniq_duvessa, uniq_maurice, uniq_prince_ribbit1
D:8:      layout_gridville, minmay_splitting_lines,
          chequers_serial_rivers_micro_c
D:9:      layout_basic, pf_just_have_faith, erik_lair_island, david_orc_2,
          statue_in_the_mist_lemuel
Temple:   kb_temple_of_zot
Lair:1:   layout_loops_ring, grunt_forest_stairs_basic, grunt_megastairs_1

Skill      XL: |  1  2  3  4  5  6  7  8  9 10 11 |
---------------+----------------------------------+-----
Ranged Weapons | 5 6 10 11 12 13 | 13.9
Fighting       | 3 7 8 9 |  9.5
Armour         | 1 6 7 8 9 |  9.1
Dodging        | 6 7 8 |  8.5
Invocations    | 1 2 4 |  4.5
Stealth        | |  0.7

Action                     |  1- 3 |  4- 6 |  7- 9 | 10-12 || total
---------------------------+-------+-------+-------+-------++-------
   Fire: Shortbow          |   134 |   111 |   162 |       ||   407
         Orcbow            |       |       |   233 |   474 ||   707
    Use: Potion            |       |     4 |       |       ||     4
 Armour: Leather armour    |    10 |       |       |       ||    10
         Ring mail         |    26 |       |       |       ||    26
         Skin              |     1 |       |       |       ||     1
         Scale mail        |     6 |    63 |   141 |   230 ||   440
  Dodge: Dodged            |    41 |    40 |   121 |   231 ||   433
